 Dungeon Crawl Stone Soup version 0.14-a0-586-g2535b90 (webtiles) character file.

9946 JacquesDerrida the Grappler (level 11, 0/121 HPs)
             Began as a Demonspawn Artificer on Nov 3, 2013.
             Was an Elder of Nemelex Xobeh.
             Succumbed to a water moccasin's poison
             ... on Level 3 of the Lair of Beasts.
             The game lasted 01:00:14 (12067 turns).

JacquesDerrida the Grappler (Demonspawn Artificer) Turns: 12067, Time: 01:00:15

HP   0/121       AC  7     Str 18      XL: 11   Next: 23%
MP  24/31        EV 15     Int 17      God: Nemelex Xobeh [****..]
Gold 453         SH  0     Dex 12      Spells:  0 memorised, 10 levels left

Res.Fire  : + . .   See Invis. : .     - Unarmed
Res.Cold  : . . .   Warding    : .   B - +2 orc leather armour {rF+}
Life Prot.: . . .   Conserve   : .   (no shield)
Res.Poison: .       Res.Corr.  : .   (helmet restricted)
Res.Elec. : .       Clarity    : .   k - +0 cloak
Sust.Abil.: . .     Spirit.Shd : .   (gloves unavailable)
Res.Mut.  : .       Stasis     : .   g - +0 pair of boots
Res.Rott. : .       Flight     : .   A - amulet of the gourmand
Gourmand  : +                        b - ring of magical power
                                     q - ring of protection from magic

@: berserking (expiring), quite poisoned, very slightly contaminated, hasted,
very quick, very resistant to hostile enchantments, extremely unstealthy
A: claws 3, horns 2, talons 2, blink 1, magic resistance 1, saprovore 1, slow
metabolism 1
a: Blink, Draw One, Peek at Two, Triple Draw, Deal Four, Renounce Religion


You were on level 3 of the Lair of Beasts.
You worshipped Nemelex Xobeh.
Nemelex Xobeh was greatly pleased with you.
You were very full.

You visited 3 branches of the dungeon, and saw 12 of its levels.

You collected 546 gold pieces.

Inventory:

Hand weapons
 E - a +0 blowgun
Missiles
 F - 11 poisoned needles
 H - 3 needles of slowing
Armour
 g - a +0 pair of boots (worn)
 k - a +0 cloak (worn)
 B - a +2 orcish leather armour of fire resistance (worn)
Magical devices
 c - a wand of enslavement (4)
 d - a wand of random effects (3)
 r - a wand of digging (11)
Comestibles
 m - 3 meat rations
 t - a pear
 x - a sausage
 C - a slice of pizza
Scrolls
 f - 3 scrolls of remove curse
 h - 5 scrolls of identify
 l - 4 scrolls of teleportation
 p - 2 scrolls of recharging
 u - 2 scrolls of fog
 y - a scroll of magic mapping
Jewellery
 b - a ring of magical power (right claw)
 q - a ring of protection from magic (left claw)
 A - an amulet of the gourmand (around neck)
Potions
 a - 2 potions of restore abilities
 j - a potion of might
 n - a potion of flight
 o - 2 potions of speed
 s - a potion of brilliance
 v - a potion of magic
Magical staves
 w - an uncursed staff of air
Miscellaneous
 e - an ornate deck of escape {drawn: 6}
 z - a legendary deck of summonings {drawn: 3}


   Skills:
 - Level 7.8 Fighting
   Level 1.8 Short Blades
   Level 1.0 Crossbows
 - Level 4.0 Armour
 - Level 8.0 Dodging
 - Level 0.8 Stealth
   Level 0.6 Shields
 + Level 11.7 Unarmed Combat
   Level 0.4 Necromancy
   Level 1.0 Transmutations
 - Level 8.3 Evocations


You had 10 spell levels left.
You didn't know any spells.

Dungeon Overview and Level Annotations

Branches:
Dungeon (8/27)             Temple (1/1) D:4             Orc (0/4) D:7
   Lair (3/8) D:8          Spider (0/5) Lair:3
 Shoals: Lair:3-6

Altars:
Ashenzari
Cheibriados
Elyvilon
Fedhas
Kikubaaqudgha
Makhleb
Nemelex Xobeh
Okawaru
Trog
Vehumet
Xom
Zin
the Shining One

Shops:
D:7 [

Annotations:
D:7 patman's ghost, average DsBe
Lair:2 exclusion: upstairs


Innate Abilities, Weirdness & Mutations

You have claws for hands.
You have a pair of horns on your head.
You have razor-sharp toenails.
You can tolerate rotten meat.
You can translocate small distances at will.
You are resistant to hostile enchantments.
You have a slow metabolism.


Message History

You feel very sick.
The water moccasin bites you but does no damage.
You miss the water moccasin. You claw the water moccasin.
The water moccasin is almost dead.
* * * LOW HITPOINT WARNING * * *
You feel very sick.
You hit the water moccasin.
You kill the water moccasin!
* * * LOW HITPOINT WARNING * * *
You feel sick.
The walls disappear prematurely!
* * * LOW HITPOINT WARNING * * *
You feel sick.
You feel a little better.
You are too berserk!
You feel a strong urge to attack something.
* * * LOW HITPOINT WARNING * * *
You feel sick.
You die...
Your body glows slightly and disappears.

### ########## ###.#
#..%.....###..##
##..###.....##.#
#....###..^^..### #
###......#....##.#.##
........^^.%..#.@...#
.........>..........#
....^...^..#........#
..........##.%......#
.......#.##.........#
.......###..........#
.......#
#...........#
........#.........(.#
##..#.#####.........


There were no monsters in sight!

Vanquished Creatures
  A black mamba (Lair:2)
  The ghost of dertyp the Fighter, an experienced HOFi of Makhleb (D:6)
  3 spiny frogs (Lair:3)
  5 komodo dragons
  2 blink frogs (Lair:3)
  Prince Ribbit (D:6)
  4 trapdoor spiders (Lair:3)
  A wyvern (D:8)
  4 yaks (Lair:2)
  Edmund (D:6)
  Menkaure (D:4)
  3 porcupines
  An orc warrior (D:7)
  A black bear (D:6)
  3 ogres
  A sky beast (D:6)
  2 ice beasts
  8 crocodiles
  A giant slug (Lair:3)
  A centaur (D:7)
  5 giant frogs
  A wyvern zombie (D:8)
  4 water moccasins
  A troll skeleton (D:7)
  2 goliath beetles (D:6)
  3 orc priests
  3 crimson imps
  A jelly (D:5)
  A centaur zombie (D:7)
  2 centaur skeletons
  4 hounds
  A scorpion (D:7)
  2 iguanas
  3 orc wizards
  4 worker ants
  Ijyb (D:3)
  A gnoll (D:2)
  7 green rats (Lair:2)
  11 adders
  2 giant mites
  2 worms
  8 giant geckos
  2 oozes
  46 orcs
  2 ball pythons
  15 bats
  14 hobgoblins
  15 jackals
  4 giant cockroaches
  7 giant newts
  5 goblins
  18 kobolds
  A quokka zombie (D:8)
  20 rats
263 creatures vanquished.

Vanquished Creatures (collateral kills)
  A hydra (Lair:1)
  A spiny frog (Lair:2)
  A blink frog (Lair:3)
  2 orc priests
  2 gnolls (D:2)
  An orc (D:7)
  A goblin (D:5)
9 creatures vanquished.

Vanquished Creatures (others)
  A fungus (Lair:3)
  A plant (D:8)
2 creatures vanquished.

Grand Total: 274 creatures vanquished

Notes
Turn   | Place    | Note
--------------------------------------------------------------
     0 | D:1      | JacquesDerrida, the Demonspawn Artificer, began the quest for the Orb.
     0 | D:1      | Reached XP level 1. HP: 16/16 MP: 1/1
     9 | D:1      | Reached skill level 1 in Short Blades
   247 | D:1      | Gained mutation: You have sharp toenails. [demonic ancestry]
   247 | D:1      | Reached XP level 2. HP: 2/22 MP: 3/3
   834 | D:1      | Reached skill level 1 in Unarmed Combat
  1170 | D:1      | Reached XP level 3. HP: 18/27 MP: 4/4
  1612 | D:2      | Gained mutation: You have sharp fingernails. [demonic ancestry]
  1612 | D:2      | Reached XP level 4. HP: 26/33 MP: 6/6
  2476 | D:3      | Gained mutation: You have a pair of small horns on your head. [demonic ancestry]
  2476 | D:3      | Reached XP level 5. HP: 35/38 MP: 7/7
  2533 | D:3      | Reached skill level 4 in Unarmed Combat
  2562 | D:3      | Noticed Ijyb
  2580 | D:3      | Killed Ijyb
  3279 | D:3      | Found an ancient bone altar of Kikubaaqudgha.
  3288 | D:3      | Found a bloodstained altar of Trog.
  3355 | D:4      | Noticed Menkaure
  3377 | D:4      | Killed Menkaure
  3377 | D:4      | Reached skill level 5 in Unarmed Combat
  3377 | D:4      | Reached XP level 6. HP: 27/44 MP: 9/9
  4084 | D:4      | Found a staircase to the Ecumenical Temple.
  4095 | Temple   | Entered the Ecumenical Temple
  4177 | Temple   | Became a worshipper of Nemelex Xobeh
  4266 | D:5      | Entered Level 5 of the Dungeon
  4321 | D:5      | Reached skill level 6 in Unarmed Combat
  4558 | D:5      | Received a gift from Nemelex Xobeh
  4582 | D:5      | Gained mutation: You have a slow metabolism. [helix card]
  4586 | D:5      | Reached skill level 8 in Evocations
  4586 | D:5      | Gained mutation: You have a pair of horns on your head. [demonic ancestry]
  4586 | D:5      | Reached XP level 7. HP: 49/49 MP: 8/16
  4587 | D:5      | Paralysed by a potion of paralysis for 3 turns
  4592 | D:5      | Gained mutation: You are frail (-10% HP). [helix card]
  4592 | D:5      | Received a gift from Nemelex Xobeh
  4601 | D:5      | Acquired Nemelex Xobeh's first power
  4608 | D:5      | Reached skill level 9 in Unarmed Combat
  4608 | D:5      | Reached XP level 8. HP: 49/55 MP: 18/18
  4608 | D:5      | Received a gift from Nemelex Xobeh
  4614 | D:5      | Noticed a reaper
  4851 | D:4      | Lost mutation: You are frail (-10% HP). [helix card]
  4851 | D:4      | Gained mutation: You are resistant to hostile enchantments. [helix card]
  5269 | D:6      | Noticed Prince Ribbit
  5280 | D:6      | Killed Prince Ribbit
  5280 | D:6      | Reached skill level 1 in Transmutations
  5406 | D:6      | Reached skill level 1 in Crossbows
  5727 | D:6      | Noticed dertyp's ghost (experienced HOFi)
  5751 | D:6      | Killed dertyp's ghost
  5751 | D:6      | Gained mutation: You can tolerate rotten meat. [demonic ancestry]
  5751 | D:6      | Reached XP level 9. HP: 31/68 MP: 20/20
  5966 | D:6      | Reached skill level 10 in Unarmed Combat
  5976 | D:6      | Found a snail-covered altar of Cheibriados.
  6232 | D:6      | Noticed Edmund
  6245 | D:6      | Killed Edmund
  6458 | D:6      | Paralysed by a potion of paralysis for 5 turns
  6463 | D:6      | Gained mutation: You can translocate small distances at will. [potion of mutation]
  6463 | D:6      | Gained mutation: You have very sharp fingernails. [potion of mutation]
  6467 | D:6      | Gained mutation: You have claws for hands. [potion of beneficial mutation]
  6787 | D:7      | Acquired Nemelex Xobeh's second power
  6807 | D:7      | Noticed patman's ghost (average DsBe)
  6849 | D:7      | Found a staircase to the Orcish Mines.
  6917 | D:7      | Received a gift from Nemelex Xobeh
  6995 | D:7      | Found Woucvias' Armour Shoppe.
  7042 | D:7      | Acquired Nemelex Xobeh's third power
  7742 | D:8      | Found a staircase to the Lair.
  7762 | D:8      | Gained mutation: You have razor-sharp toenails. [demonic ancestry]
  7762 | D:8      | Reached XP level 10. HP: 55/75 MP: 21/21
  7774 | Lair:1   | Entered Level 1 of the Lair of Beasts
  8150 | Lair:1   | Received a gift from Nemelex Xobeh
  8251 | Lair:1   | Reached skill level 11 in Unarmed Combat
  8279 | Lair:1   | Noticed an eight-headed hydra
  8316 | Lair:2   | Noticed a black mamba
  8329 | Lair:2   | Killed a black mamba
  8923 | Lair:2   | Received a gift from Nemelex Xobeh
  9182 | Lair:2   | Acquired Nemelex Xobeh's fourth power
  9611 | Lair:1   | Killed a nine-headed hydra
 10420 | Lair:2   | Received a gift from Nemelex Xobeh
 10666 | Lair:3   | Reached skill level 1 in Armour
 10728 | Lair:3   | Reached XP level 11. HP: 45/81 MP: 22/22
 10993 | Lair:3   | Got a twisted trident
 10996 | Lair:3   | Identified the cursed +3,+1 trident of Viorhaace {speed, +Blink Str+2} (You found it on level 3 of the Lair of Beasts)
 11170 | Lair:3   | Found a hole to the Spider Nest.
 12062 | Lair:3   | HP: 6/121 [poisoned by a water moccasin]
 12064 | Lair:3   | HP: 2/121 [poisoned by a water moccasin]
 12067 | Lair:3   | Succumbed to a water moccasin's poison

Action                   |  1- 3 |  4- 6 |  7- 9 | 10-12 || total
-------------------------+-------+-------+-------+-------++-------
Melee: Short sword       |    43 |       |       |       ||    43
       Unarmed           |   114 |   175 |   251 |   227 ||   767
 Fire: Blowgun           |       |       |    15 |       ||    15
Throw: Tomahawk          |     5 |     5 |       |       ||    10
Invok: Draw One          |       |       |       |     7 ||     7
Evoke: Wand              |     7 |    21 |    13 |     8 ||    49
       Deck              |       |     7 |    30 |    10 ||    47
  Use: Potion            |       |     2 |     8 |     2 ||    12
       Scroll            |       |       |    22 |     9 ||    31
 Stab: Sleeping          |       |     1 |       |     1 ||     2
